 Dungeon Crawl Stone Soup version 0.28-a0-1447-ga5a8893891 (webtiles) character file.

Game seed: 11675784548573850195

840 Grognak the Skirmisher (level 8, -3/126 HPs)
             Began as an Ogre Berserker on Jan 11, 2022.
             Was a Priest of Trog.
             Slain by a sky beast (5 damage)
             ... on level 5 of the Dungeon.
             The game lasted 00:09:20 (5856 turns).

Grognak the Skirmisher (Ogre Berserker)             Turns: 5856, Time: 00:09:21

Health: -3/126     AC:  4    Str: 22    XL:     8   Next: 0%
Magic:  8/8        EV: 11    Int: 14    God:    Trog [***...]
Gold:   263        SH:  0    Dex: 10    Spells: 7/7 levels left

rFire   . . .      SeeInvis .   s - +0 giant spiked club
rCold   + . .      Faith    .   (shield currently unavailable)
rNeg    . . .      Spirit   .   b - +1 animal skin
rPois   .          Reflect  .   (helmet restricted)
rElec   .          Harm     .   (no cloak)
rCorr   .          Rampage  .   (gloves unavailable)
Will    .....                   (boots unavailable)
Stlth   ..........              (no amulet)
HPRegen 0.31/turn               e - ring of protection from cold
MPRegen 0.11/turn               d - +6 ring of intelligence

@: berserking, very quick
A: large, unfitting armour, tough skin 1
a: Renounce Religion, Berserk, Trog's Hand


You were on level 5 of the Dungeon.
You worshipped Trog.
Trog was most pleased with you.
You visited 1 branch of the dungeon, and saw 5 of its levels.

You collected 263 gold pieces.

Inventory:

Hand Weapons
 g - a +1 morningstar
 q - a +0 giant club
 s - a +0 giant spiked club (weapon)
Missiles
 v - 2 silver javelins (quivered)
Armour
 b - a +1 animal skin (worn)
Jewellery
 d - a +6 ring of intelligence (right hand)
 e - a ring of protection from cold (left hand)
Wands
 i - a wand of flame (37)
Scrolls
 f - 3 scrolls of teleportation
 n - 2 scrolls of identify
 o - a scroll of amnesia
 r - a scroll of fog
 t - a scroll of noise {unknown}
 u - a scroll of blinking
Potions
 a - a potion of ambrosia {unknown}
 h - a potion of flight
 k - a potion of mutation {unknown}
 l - 3 potions of curing {unknown}
 m - a potion of heal wounds {unknown}
 p - a potion of might {unknown}


   Skills:
 * Level 6.6 Fighting
 + Level 5.6 Maces & Flails
 + Level 2.2 Throwing
 * Level 4.8 Dodging
 + Level 1.1 Stealth


You had 7 spell levels left.
You didn't know any spells.
Your spell library was empty.

Dungeon Overview and Level Annotations

Branches:
Dungeon (5/15)
 Temple: D:4-7

Altars:
Qazlal
Trog

Shops:
D:2 [


Innate Abilities, Weirdness & Mutations

You are too large for most types of armour.
You have tough skin. (AC +1)


Message History

A sky beast appears from thin air!
Reactivating autopickup.
The sky beast barely misses you.
You barely miss the sky beast.
The sky beast is lightly wounded.
The sky beast hits you but does no damage.
Unknown command.
You hit the sky beast.
The sky beast is moderately wounded.
The sky beast flickers out of sight!
Deactivating autopickup; reactivate with Ctrl-A.
Something hits you but does no damage. Something hits you.
* * * LOW HITPOINT WARNING * * *
Something shocks you.
* * * LOW HITPOINT WARNING * * *
A red film seems to cover your vision as you go berserk!
You feel yourself moving faster!
You feel mighty!
A sky beast appears from thin air!
Reactivating autopickup.
The sky beast hits you.
* * * LOW HITPOINT WARNING * * *
The sky beast shocks you.
* * * LOW HITPOINT WARNING * * *
You barely miss the sky beast.
The sky beast is moderately wounded.
The sky beast flickers out of sight!
Deactivating autopickup; reactivate with Ctrl-A.
Something completely misses you.
You closely miss something.
A sky beast appears from thin air!
Reactivating autopickup.
The sky beast barely misses you.
You closely miss the sky beast.
The sky beast is moderately wounded.
The sky beast closely misses you.
You barely miss the sky beast.
The sky beast is moderately wounded.
The sky beast hits you.
* * * LOW HITPOINT WARNING * * *
The sky beast shocks you.
You die...

....# ####.##.....##..##
#.#.############.................
...............##.####..##...#...
##..........## #......#......##.
##.#.<...[.# #..####..###.....
#.##...#### #..# #..## #.####
#.####..#######..###.## ### #.#
.......≈....#.. ...
.######Y@.#...# ... <. #...##..##
## ......##.... ##...#.(...#.#
##..#.# ##.# .....# . .#...((
.... ...


You could see a sky beast.

Vanquished Creatures
  Eustachio (D:4)
  A necrophage (D:5)
  2 ogres (D:5)
  A phantom (D:5)
  A centaur skeleton (D:4)
  A jelly (D:4)
  A bullfrog skeleton (D:5)
  Jessica (D:3)
  A scorpion zombie (D:5)
  Ijyb (D:4)
  2 iguanas
  A hound skeleton (D:4)
  6 adders
  2 adder skeletons
  3 worms
  A dart slug (D:2)
  An orc (D:3)
  4 ball pythons
  12 endoplasms
  4 giant cockroaches
  8 hobgoblins
  6 jackals
  5 quokkas
  4 bats
  3 frilled lizards
  5 goblins
  14 kobolds
  3 rats
95 creatures vanquished.

Vanquished Creatures (others)
  A plant (D:3)
1 creature vanquished.

Grand Total: 96 creatures vanquished

Notes
Turn   | Place    | Note
-------+----------+-------------------------------------------
     0 | D:1      | Grognak the Ogre Berserker began the quest for the Orb.
     0 | D:1      | Reached XP level 1. HP: 24/24 MP: 1/1
   296 | D:1      | Reached XP level 2. HP: 29/32 MP: 2/2
   648 | D:1      | Found a faded altar of an unknown god.
   685 | D:1      | Reached ** piety under Trog
   881 | D:1      | Reached XP level 3. HP: 34/40 MP: 3/3
  1538 | D:2      | Found Napusoj's Armour Shop.
  1789 | D:2      | Reached XP level 4. HP: 39/49 MP: 4/4
  2763 | D:3      | Noticed Jessica
  2776 | D:3      | Killed Jessica
  2777 | D:3      | Reached skill level 5 in Fighting
  2868 | D:3      | Reached *** piety under Trog
  2887 | D:3      | Reached XP level 5. HP: 40/57 MP: 5/5
  3172 | D:3      | Reached skill level 1 in Throwing
  4351 | D:4      | Noticed Eustachio
  4358 | D:4      | Killed Eustachio
  4359 | D:4      | Reached XP level 6. HP: 67/67 MP: 6/6
  4623 | D:4      | Noticed Ijyb
  4633 | D:4      | Killed Ijyb
  4721 | D:4      | Reached skill level 6 in Fighting
  5121 | D:5      | Entered Level 5 of the Dungeon
  5176 | D:5      | Reached XP level 7. HP: 75/75 MP: 7/7
  5177 | D:5      | Found a bloodstained altar of Trog.
  5185 | D:5      | Reached skill level 5 in Maces & Flails
  5427 | D:5      | Reached skill level 1 in Stealth
  5635 | D:5      | Found a stormy altar of Qazlal.
  5841 | D:5      | Reached XP level 8. HP: 83/84 MP: 8/8
  5852 | D:5      | HP: 3/126 [sky beast (6)]
  5856 | D:5      | Slain by a sky beast

Illustrated notes

Levels and vault maps discovered:
D:1:      lightli_arrival_lavapool, layout_basic,
          hellmonk_ecumenical_altar_slurped_away
D:2:      layout_loops_ring, serial_shops, nicolae_shop_stone,
          minmay_misc_feat_chi, st_stairs_3
D:3:      layout_loops_corners, serial_forest, infiniplex_forest_end_2,
          infiniplex_forest_side_room, infiniplex_forest_end_1,
          infiniplex_forest_lined_room_, infiniplex_forest_lined_3,
          infiniplex_forest_clump_diagonal, hex_large,
          minmay_fractal_squares_gapless_5, uniq_jessica
D:4:      layout_gridville, serial_bayou_pond_a, uniq_ijyb, uniq_eustachio
D:5:      kennysheep_six_static_rooms, layout_rooms,
          mainiacjoe_overflow_24_doors, lemuel_coloured_pillars_altar,
          nicolae_qazlal_scattered_showers, nicolae_wu_jian_immortal_techniques

Skill      XL: |  1  2  3  4  5  6  7 |
---------------+----------------------+-----
Maces & Flails | 3 4 5 |  5.6
Dodging        | 3 4 |  4.8
Fighting       | 5 6 |  6.6
Throwing       | 1 2 |  2.2
Stealth        | 1 |  1.1

Action                   |  1- 3 |  4- 6 |  7- 9 || total
-------------------------+-------+-------+-------++-------
Melee: Mace              |   108 |    17 |       ||   125
       Morningstar       |       |   128 |     5 ||   133
       Punch             |       |     2 |       ||     2
       Giant club        |       |       |    19 ||    19
       Giant spiked club |       |       |    16 ||    16
Throw: Stone             |    35 |    66 |    16 ||   117
       Javelin           |       |       |     2 ||     2
Invok: Berserk           |       |     2 |     3 ||     5
  Use: Scroll            |     4 |     7 |       ||    11
       Potion            |       |       |     1 ||     1
 Stab: Sleeping          |       |     1 |       ||     1
Armor: Animal skin       |    29 |    32 |     8 ||    69
       Skin              |       |     7 |       ||     7
Dodge: Dodged            |    60 |    75 |    23 ||   158

Table legend: (Time is in decaauts)
 A = Elapsed time spent in this place.
 B = Non-inter-level travel time spent in this place.
 C = Inter-level travel time spent in this place.
 D = Time resting spent in this place.
 E = Time spent auto-exploring this place.
 F = Levels seen in this place.
 G = Mean time per level.
                   A        B        C        D        E       F      G
               +--------+--------+--------+--------+--------+-----+--------+
         Total |   5986 |   5888 |     98 |    469 |   4490 |   5 | 1197.2 |
       Dungeon |   5986 |   5888 |     98 |    469 |   4490 |   5 | 1197.2 |
               +--------+--------+--------+--------+--------+-----+--------+

Top non-repeatable levels by time:
     D:3: 1557 daAuts
     D:4: 1320 daAuts
     D:2: 1258 daAuts
     D:1: 1076 daAuts
     D:5: 773 daAuts
